Map: Taito Citadel LE

Players

SCIInewby

  • Race: Terran Terran
  • League: Master
  • Spawn Location: 5:00

Sensai - Winner!

  • Race: Zerg Zerg
  • League: Gold
  • Spawn Location: 11:00

VOD

Have the link to the VOD?

Description

Time

  • Played on: Feb. 6, 2026, 8:13 p.m.
  • Length: 14:37
Show
View Real Time Build Order
Export as new Build Order

SCIInewby Terran 

Build Orders:  

Get SALT Encoding   

  12  0:02  SCV  
  13  0:14  SCV  
  13  0:18  Supply Depot  
  14  0:33  Supply Depot, SCV  
  15  0:44  Barracks  
  15  0:49  SCV  
  16  0:55  Refinery  
  16  1:01  SCV  
  17  1:18  SCV  
  18  1:37  Command Center  
  18  1:42  Barracks Tech Lab  
  18  1:46  SCV  
  19  1:58  SCV  
  20  2:10  SCV  
  20  2:11  Marine  
  20  2:12  Factory  
  22  2:29  Marine  
  23  2:39  SCV  
  24  2:47  Refinery, Marine  
  25  2:51  SCV  
  26  3:03  SCV  
  26  3:05  Marine  
  28  3:07  Widow Mine  
  30  3:17  Orbital Command  
  30  3:23  Marauder  
  33  3:32  Orbital Command  
  30  3:50  SCV  
  31  4:02  SCV  
  32  4:06  Refinery  
  32  4:07  Starport  
  32  4:12  SCV  
  32  4:14  SCV  
  34  4:21  Widow Mine  
  34  4:24  Marine, SCV  
  38  4:26  SCV  
  38  4:30  Refinery  
  39  4:36  SCV  
  39  4:38  SCV  
  41  4:39  Starport  
  41  4:41  Marine  
  41  4:43  Widow Mine  
  41  4:44  Starport  
  44  4:48  SCV, Supply Depot  
  44  4:49  Supply Depot  
  45  4:59  Marine  
  46  5:10  Medivac  
  46  5:14  Barracks  
  48  5:17  Barracks  
  48  5:18  Marauder  
  48  5:19  Medivac  
  52  5:24  SCV x2  
  54  5:36  SCV x2  
  54  5:39  Marauder  
  54  5:40  Medivac  
  60  5:48  SCV x2  
  62  6:05  Supply Depot  
  62  6:07  Supply Depot  
  62  6:08  Barracks  
  62  6:26  Marine x2, Medivac  
  62  6:27  SCV x2, Widow Mine  
  62  6:28  Marine, Medivac  
  73  6:33  Armory  
  73  6:39  SCV x2  
  75  6:44  Marine x2  
  75  6:46  Marine  
  78  7:08  Supply Depot  
  78  7:15  Marine x3, Medivac  
  78  7:16  Widow Mine  
  85  7:30  Supply Depot  
  85  7:33  Marine x3  
  77  7:51  Marine  
  70  7:53  Supply Depot  
  70  7:56  Marauder  
  70  7:57  Marine  
  72  8:08  Medivac x2  
  72  8:09  Medivac, Marine, Fusion Core  
  72  8:11  Terran Vehicle Weapons Level 1  
  79  8:15  Marine, Factory Tech Lab  
  79  8:17  Marine  
  79  8:18  Marauder  
  83  8:26  Command Center  
  83  8:27  Marine  
  83  8:32  Marine  
  85  8:35  Marine  
  85  8:37  Thor  
  85  8:39  Marauder  
  94  8:44  Marine  
  94  8:46  Smart Servos  
  95  8:50  Marine  
  95  8:53  Marine  
  97  8:57  Starport Tech Lab  
  97  9:00  Marauder  
  97  9:02  Marine  
  99  9:06  Starport Tech Lab  
  99  9:08  Marine  
  101  9:10  Marine  
  102  9:20  Marine, Thor  
  102  9:22  Marauder  
  111  9:26  Marine  
  112  9:37  Combat Shield  
  112  9:38  Marine  
  113  9:43  Marine  
  113  9:44  Marine  
  115  9:47  Battlecruiser  
  121  9:56  Marine  
  122  10:00  Marine  
  122  10:01  Marine  
  122  10:03  Thor  
  122  10:04  Drilling Claws  
  130  10:10  Orbital Command  
  130  10:12  SCV x2  
  130  10:13  Marine  
  133  10:18  Marine  
  133  10:19  Marine  
  135  10:21  Supply Depot  
  135  10:24  SCV x2  
  135  10:27  Supply Depot  
  137  10:28  Supply Depot  
  137  10:33  Supply Depot  
  137  10:35  Battlecruiser  
  143  10:36  SCV x2  
  145  10:45  Cloaking Field  
  145  10:46  Thor  
  145  10:48  SCV  
  145  10:49  Terran Vehicle Weapons Level 2  
  152  10:56  Stimpack  
  152  11:11  Refinery  
  152  11:15  Refinery  
  152  11:22  Hyperflight Rotors  
  152  11:23  Mag-Field Accelerator  
  152  11:29  Siege Tank  
  71  12:10  Battlecruiser x2  
  71  12:15  Weapon Refit  
  83  12:19  Marine x3  
  86  12:35  Engineering Bay  
  86  12:36  Marine  
  86  12:37  Marine x2  
  86  12:38  Engineering Bay  
  86  12:41  Supply Depot  
  86  12:44  Supply Depot  
  89  12:49  Thor  
  95  12:54  Marine  
  95  12:55  Marine x2  
  98  13:12  Marine  
  99  13:13  Marine x2  
  99  13:14  Battlecruiser  
  99  13:19  SCV  
  109  13:20  SCV x2  
  109  13:23  Interference Matrix  
  110  13:30  Marine x3  
  110  13:31  Thor, SCV  
  110  13:32  SCV  
  121  13:49  Marauder  
  121  13:54  Starport Tech Lab  
  123  14:10  Marine, Marauder  
  123  14:11  Marine x2  
Show
View Real Time Build Order
Export as new Build Order

Sensai Zerg - Winner!

Build Orders: Hatch First 

Get SALT Encoding   

  12  0:01  Drone  
  13  0:14  Overlord  
  13  0:28  Drone  
  14  0:33  Drone x2  
  16  0:40  Drone  
  17  0:53  Extractor  
  17  0:54  Drone  
  17  1:00  Hatchery  
  16  1:12  Spawning Pool  
  16  1:15  Drone  
  16  1:18  Drone  
  17  1:23  Drone  
  18  1:37  Drone  
  19  1:45  Drone  
  20  1:56  Extractor  
  20  1:57  Drone  
  20  2:04  Queen  
  20  2:07  Overlord  
  22  2:15  Drone  
  23  2:16  Queen  
  23  2:21  Drone  
  26  2:31  Roach Warren  
  26  2:33  Metabolic Boost  
  25  2:37  Zergling x2  
  25  2:40  Zergling x2  
  25  2:44  Zergling x2  
  28  2:54  Lair  
  28  3:09  Drone x4  
  29  3:54  Roach x3  
  35  3:56  Overlord  
  35  3:57  Overlord x2  
  35  4:01  Glial Reconstitution  
  35  4:05  Drone  
  36  4:16  Drone x2  
  39  4:17  Drone  
  39  4:25  Drone x3  
  42  4:32  Roach x2  
  42  4:34  Roach  
  42  4:35  Roach  
  42  4:36  Roach  
  42  4:37  Roach  
  54  4:42  Roach  
  56  4:56  Roach x2  
  56  4:58  Evolution Chamber, Overlord x2  
  56  4:59  Overlord  
  59  5:09  Drone  
  59  5:12  Extractor  
  59  5:14  Drone  
  59  5:17  Extractor  
  59  5:19  Drone x3  
  62  5:25  Zerg Missile Weapons Level 1  
  64  5:28  Roach  
  64  5:29  Roach x2  
  68  5:36  Roach x2  
  68  5:42  Hydralisk Den  
  71  5:44  Drone x2  
  71  5:45  Spore Crawler, Drone  
  73  6:01  Overseer  
  73  6:02  Overseer  
  73  6:07  Hatchery  
  73  6:08  Drone x3  
  75  6:14  Spore Crawler  
  75  6:18  Spore Crawler  
  73  6:20  Spore Crawler  
  73  6:24  Spore Crawler  
  73  6:25  Drone  
  72  6:26  Drone  
  72  6:28  Drone  
  74  6:34  Pneumatized Carapace  
  74  6:36  Overseer  
  74  6:47  Drone  
  74  6:48  Drone  
  74  6:49  Spore Crawler, Drone x2  
  77  6:58  Grooved Spines  
  77  7:03  Drone x3  
  77  7:04  Drone  
  77  7:05  Drone  
  82  7:10  Drone x2  
  84  7:16  Overlord  
  84  7:17  Overlord  
  84  7:25  Infestation Pit  
  84  7:28  Drone x3  
  86  7:31  Drone  
  87  7:41  Drone x5  
  87  7:42  Drone x2  
  87  7:43  Drone  
  88  7:54  Queen  
  90  8:06  Zerg Ground Armor Level 1  
  90  8:09  Roach x2  
  90  8:10  Roach x2  
  90  8:11  Roach  
  100  8:13  Overlord  
  100  8:14  Overlord x2  
  100  8:20  Drone  
  100  8:21  Drone, Queen  
  104  8:29  Drone x2  
  104  8:31  Drone  
  107  8:35  Hive  
  107  8:43  Evolution Chamber  
  107  8:45  Evolution Chamber  
  105  8:50  Spore Crawler  
  105  8:53  Spore Crawler  
  103  9:01  Spire  
  102  9:03  Spire  
  101  9:16  Hydralisk x2  
  101  9:17  Hydralisk x4  
  103  9:18  Hydralisk x2  
  103  9:22  Zerg Melee Weapons Level 1  
  103  9:23  Zerg Missile Weapons Level 2  
  117  9:30  Extractor  
  116  9:34  Extractor  
  116  9:35  Overlord x3  
  116  9:36  Overlord x2  
  116  9:37  Overlord  
  116  9:38  Overlord  
  115  9:39  Overlord  
  115  9:50  Spore Crawler  
  114  9:55  Drone x2  
  114  9:56  Drone  
  114  9:57  Drone  
  114  9:58  Drone x2  
  120  10:23  Hydralisk x5  
  120  10:24  Hydralisk x4  
  120  10:26  Hatchery, Hydralisk  
  139  10:29  Hydralisk  
  139  10:32  Hydralisk  
  143  10:39  Zerg Flyer Armor Level 1  
  143  10:40  Zerg Flyer Weapons Level 1  
  143  10:43  Zerg Ground Armor Level 2  
  143  10:54  Ultralisk Cavern  
  142  11:16  Zerg Melee Weapons Level 2  
  142  11:26  Overlord  
  142  11:27  Overlord x2  
  142  11:28  Overlord x2  
  142  11:29  Overlord  
  96  12:00  Hydralisk x7  
  96  12:01  Hydralisk x9  
  132  12:15  Ultralisk  
  132  12:17  Ultralisk  
  138  12:48  Ultralisk  
  138  12:49  Ultralisk  
  138  12:50  Ultralisk  
  138  12:51  Chitinous Plating  
  156  13:04  Greater Spire  
  156  13:13  Drone x3  
  159  13:28  Queen  
  161  13:53  Drone x3  
  164  13:57  Extractor  
  164  13:59  Drone  
  164  14:00  Drone x2, Extractor  
  164  14:01  Drone  
  164  14:02  Drone x2  
Tags
 
Matchup
TvZ
Replay Pack
Multiplayer
Spawn Locations
Cross Positions
Add a new tag
Caveats
  • Supply blocks, unpowered buildings, or Contaminate may cause inaccurate times.
  • Supply counts are checked every 10 seconds.